 Dungeon Crawl Stone Soup version 0.20-a0-1006-ge6c5631 (webtiles) character file.

11 M4edhros the Grave Robber (level 2, -2/17 HPs)
             Began as an Octopode Necromancer on Apr 13, 2017.
             Slain by a goblin (3 damage)
             ... on level 3 of the Dungeon.
             The game lasted 00:01:09 (254 turns).

M4edhros the Grave Robber (Octopode Necromancer)     Turns: 254, Time: 00:01:10

Health: -2/17      AC:  1    Str:  7    XL:     2   Next: 25%
Magic:  4/5        EV: 13    Int: 17    God:
Gold:   13         SH:  0    Dex: 12    Spells: 3/5 levels left

rFire    . . .     SeeInvis .     - Unarmed
rCold    . . .     Gourm    .   (no shield)
rNeg     . . .     Faith    .   (helmet restricted)
rPois    .         Spirit   .   (no amulet)
rElec    .         Reflect  .   (no ring)
rCorr    .         Harm     .   (no ring)
MR       .....                  (no ring)
Stlth    +++.......             (no ring)
Regen    0.1/turn               (no ring)
MPRegen  0.1/turn               (no ring)
                                (no ring)
                                (no ring)

@: no status effects
A: almost no armour, stealthy swim, amphibious, 8 rings, constrict 8, camouflage
1, gelatinous body 1
a: no special abilities


You were on level 3 of the Dungeon.
You were not hungry.

You visited 1 branch of the dungeon, and saw 3 of its levels.

You collected 13 gold pieces.

Inventory:

Scrolls
 e - a scroll of remove curse {unknown}
 g - a scroll of enchant armour {unknown}
 h - a scroll of identify {unknown}
Potions
 d - a potion of brilliance {unknown}
 f - a potion of mutation {unknown}
 i - a potion of invisibility {unknown}
Books
 a - a book of Necromancy

   Spells                             Type                      Level
   a - Pain                           Necromancy                   1
   b - Animate Skeleton               Necromancy                   1
   c - Vampiric Draining              Necromancy                   3
   d - Regeneration                   Charms/Necromancy            3
   e - Animate Dead                   Necromancy                   4
   f - Control Undead                 Necromancy                   4
 j - a book of Misfortune

   Spells                             Type                      Level
   a - Confusing Touch                Hexes                        1
   b - Confuse                        Hexes                        3
   c - Gell's Gravitas                Translocation                3
   d - Petrify                        Transmutation/Earth          4
   e - Metabolic Englaciation         Hexes/Ice                    5
   f - Yara's Violent Unravelling     Hexes/Transmutation          5
Comestibles
 b - 2 bread rations
 c - 6 chunks of flesh


   Skills:
 - Level 2.0 Dodging
 - Level 2.6 Stealth
 + Level 1.8 Unarmed Combat
 - Level 2.0 Spellcasting
 - Level 4.0 Necromancy


You had 3 spell levels left.
You knew the following spells:

 Your Spells              Type           Power        Failure   Level  Hunger
a - Pain                  Necr           ###.         3%          1    #......
b - Animate Skeleton      Necr           N/A          3%          1    #......


Dungeon Overview and Level Annotations

Branches:
Dungeon (3/15)

Altars:


Innate Abilities, Weirdness & Mutations

You cannot wear most types of armour.
You are very stealthy in the water. (Stealth+)
You are amphibious.
You can wear up to eight rings at the same time.
You can use your tentacles to constrict eight enemies at once.
Your skin changes colour to match your surroundings (Stealth+).
Your rubbery body absorbs attacks. (AC +1, EV +1)


Message History

A goblin comes into view.
Found 26 arrows.
There is a stone staircase leading up here.
You are too injured to fight recklessly!
You are too injured to fight recklessly!
The goblin hits you.
* * * LOW HITPOINT WARNING * * *
You closely miss the goblin. Your grab misses the goblin.
The goblin misses you.
You closely miss the goblin. You grab the goblin.
You constrict the goblin, but do no damage.
The goblin hits you.
* * * LOW HITPOINT WARNING * * *
Casting: Animate Skeleton
Confirm with . or Enter, or press ? or * to list all spells.
Aiming: Pain
Press: ? - help, Shift-Dir - straight line, f - goblin
Aim: a goblin (constricted by you, chance to defeat MR: 85%)
The goblin writhes in agony!
You constrict the goblin. The goblin hits you.
You die...

##########
......g@.#
.....###<#
### #(#
#.# #.#
... #.#
... ...


You could see a goblin.

Vanquished Creatures
  A leopard gecko (D:2)
  2 bats
  2 giant cockroaches (D:1)
  A goblin (D:2)
  2 kobolds (D:1)
8 creatures vanquished.

Vanquished Creatures (collateral kills)
  A giant cockroach (D:2)
  A bat (D:1)
2 creatures vanquished.

Grand Total: 10 creatures vanquished

Notes
Turn   | Place    | Note
-------+----------+-------------------------------------------
     0 | D:1      | M4edhros the Octopode Necromancer began the quest for the Orb.
     0 | D:1      | Reached XP level 1. HP: 11/11 MP: 3/3
    48 | D:1      | Reached skill level 1 in Unarmed Combat
    54 | D:1      | Learned a level 1 spell: Animate Skeleton
   143 | D:2      | Reached XP level 2. HP: 9/17 MP: 0/5
   254 | D:3      | Slain by a goblin

Vault maps used:
D:1:      matt_arrival_refuge
D:2:      chequers_temple_overflow_statue_of_worship
D:3:      first_bread

Skill      XL: |  1 |
---------------+----+-----
Unarmed Combat | 1 |  1.8
Dodging        | |  2.0
Stealth        | |  2.6
Spellcasting   | |  2.0
Necromancy     | |  4.0

Action                   || total
-------------------------++-------
Melee: Unarmed           ||    22
       Constrict         ||     7
       Tentacles         ||     4
 Cast: Pain              ||     6
       Animate Skeleton  ||     5
 Stab: Sleeping          ||     1
Armor: Skin              ||     4
Dodge: Dodged            ||    18
